 Dungeon Crawl Stone Soup version 0.32-a0-981-g384da2ce10 (webtiles) character file.

Game seed: 1377365211417935186

164322 MrSquiggles the Gargoyle Blade (level 17, -1/103 HPs)
             Began as a Gargoyle Fighter on Apr 21, 2024.
             Was the Champion of the Shining One.
             Killed by divine providence
             ... invoked by a deep elf high priest
              (12 damage)
             ... on level 3 of the Elven Halls.
             The game lasted 01:18:05 (28367 turns).

MrSquiggles the Gargoyle Blade (Gargoyle Fighter)  Turns: 28367, Time: 01:18:05

Health: -1/103     AC: 37    Str: 21    XL:     17   Next: 85%
Magic:  19/22      EV: 19    Int: 18    God:    the Shining One [******]
Gold:   575        SH:  9    Dex: 17    Spells: 4/16 levels left

rFire   + . .        a - +8 triple sword (protect)
rCold   . . .        (shield currently unavailable)
rNeg    + + +        y - quicksilver dragon scales
rPois   ∞            M - +2 helmet {Int+3}
rElec   +            R - +2 cloak of Sin {Int+3 Dex+4}
rCorr   .            g - +0 pair of gloves {hurl}
SInv    .            n - +1 pair of boots {Stlth+}
Will    ++...        T - amulet "Yrchexez" {Fly rF- rN+++ RegenMP+ Slay+2}
Stlth   +            p - +5 ring of evasion
HPRegen 0.37/turn    i - ring of Ekoocin {Wiz rF++}
MPRegen 0.58/turn

%: wizardry (x1)
@: divinely shielded, about to teleport, flying, slowed, glowing, very slow
A: sickness immunity, AC +12, big wings, negative energy resistance 1,
electricity resistance, torment resistance 1, petrification resistance
a: Renounce Religion, Divine Shield, Cleansing Flame, Summon Divine Warrior,
Brand Weapon With Holy Wrath


You were on level 3 of the Elven Halls.
You worshipped the Shining One.
The Shining One was exalted by your worship.
You visited 5 branches of the dungeon, and saw 26 of its levels.
You visited the Abyss 1 time.
You also visited: Bailey and Gauntlet.

You collected 3040 gold pieces.
You spent 2465 gold pieces at shops.

Inventory:

Hand Weapons
 a - a +8 triple sword of protection (weapon)
 b - a +2 scimitar of flaming
Missiles
 e - 12 javelins
 w - 5 atropa-tipped darts
 x - 40 poisoned darts
 C - 53 boomerangs (quivered)
 D - 8 datura-tipped darts
 H - 7 curare-tipped darts
 O - 3 throwing nets
Armour
 g - a +0 pair of gloves of hurling (worn)
 n - a +1 pair of boots of stealth (worn)
 y - quicksilver dragon scales (worn)
 M - a +2 helmet of intelligence (worn)
 R - the +2 cloak of Sin (worn) {Int+3 Dex+4}
   (You found it on level 9 of the Dungeon)

   Int+3:     It affects your intelligence (+3).
   Dex+4:     It affects your dexterity (+4).
Jewellery
 h - a ring of protection from cold
 i - the ring of Ekoocin (right hand) {Wiz rF++}
   (You found it in a Gauntlet)

   [ring of wizardry]

   Wiz:       It improves your spell success rate.
   rF++:      It greatly protects you from fire.
 m - a +4 ring of protection
 p - a +5 ring of evasion (left hand)
 v - the ring of Teuneffyilu {rElec EV+5}
   (You found it in a Gauntlet)

   [ring of evasion]

   EV+5:      It affects your evasion (+5).
   rElec:     It insulates you from electricity.
 T - the amulet "Yrchexez" (around neck) {Fly rF- rN+++ RegenMP+ Slay+2}
   (You acquired it on level 4 of the Lair of Beasts)

   [amulet of magic regeneration]

   It increases your rate of magic regeneration.
   Slay+2:    It affects your accuracy & damage with ranged weapons and melee
   (+2).
   rF-:       It makes you vulnerable to fire.
   rN+++:     It renders you almost immune to negative energy.
   Fly:       It grants you flight.
   RegenMP+:  It increases your rate of magic regeneration.
Wands
 u - a wand of digging (4)
 A - a wand of roots (14)
 I - a wand of acid (12)
 P - a wand of flame (62)
 S - a wand of mindburst (19)
 W - a wand of charming (10)
Scrolls
 l - 6 scrolls of poison
 t - 3 scrolls of immolation
 z - 5 scrolls of fear
 E - 4 scrolls of fog
 F - 2 scrolls of silence
 G - 2 scrolls of revelation
 L - 2 scrolls of vulnerability
 Y - 5 scrolls of identify
 Z - a scroll of teleportation
Potions
 c - a potion of resistance
 d - 3 potions of might
 f - a potion of enlightenment
 j - a potion of ambrosia
 k - 2 potions of cancellation
 o - a potion of magic
 q - 3 potions of curing
 B - 3 potions of lignification
 Q - 2 potions of attraction
 V - 2 potions of brilliance
Miscellaneous
 s - a condenser vane (inert)
 J - a lightning rod (2/4)
 U - a box of beasts (inert)
 X - a phantom mirror (inert)


   Skills:
 * Level 10.4 Fighting
 - Level 22.0 Long Blades
 - Level 11.1 Armour
 - Level 8.0 Dodging
 - Level 3.4 Shields
 - Level 15.3 Conjurations
 + Level 7.2 Invocations
 - Level 3.0 Evocations


You had 4 spell levels left.
You knew the following spells:

 Your Spells              Type           Power      Damage    Failure   Level
a - Sting                 Conj/Alch      100%       1d9       1%          1
b - Mephitic Cloud        Conj/Alch/Air  18%        N/A       4%          3
c - Flame Wave            Conj/Fire      27%        2d9       6%          4
d - Iskenderun's Mystic Conj/Tloc 27%            2d7        (+2d3     6%          4

Your spell library contained the following spells:

 Spells                   Type           Power      Damage    Failure   Level
 Magic Dart               Conj           100%       1d8       1%          1
 Momentum Strike          Conj/Tloc      54%        3d9       1%          2
 Static Discharge         Conj/Air       54%        3-6/arc   1%          2
 Hailstorm                Conj/Ice       27%        3d8       1%          3
 Necrotise                Necr           0%         1d4       13%         1
 Blink                    Tloc           0%         N/A       19%         2
 Call Imp                 Summ           0%         N/A       19%         2
 Jinxbite                 Hex            0%         N/A       19%         2
 Lesser Beckoning         Tloc           0%         N/A       19%         2
 Mercury Vapours          Alch/Air       0%         N/A       19%         2
 Call Canine Familiar     Summ           0%         N/A       34%         3
 Maxwell's Portable Pile  Tloc           0%         2d(5-13)  34%         3
 Sigil of Binding         Hex            0%         N/A       34%         3
 Summon Ice Beast         Ice/Summ       0%         N/A       34%         3
 Teleport Other           Tloc           0%         N/A       34%         3
 Tukima's Dance           Hex            0%         N/A       34%         3
 Airstrike                Air            0%         2d(0-16)  75%         4
 Dimensional Bullseye     Hex/Tloc       0%         N/A       75%         4
 Dispel Undead            Necr           0%         3d6       75%         4
 Ignite Poison            Fire/Alch      0%         N/A       75%         4
 Martyr's Knell           Necr/Summ      0%         N/A       75%         4
 Olgreb's Toxic Radiance  Alch           0%         N/A       75%         4
 Passage of Golubria      Tloc           0%         N/A       75%         4
 Sticky Flame             Fire/Alch      0%         2d4       75%         4
 Summon Blazeheart Golem  Fire/Summ      0%         N/A       75%         4
 Summon Lightning Spire   Summ/Air       0%         N/A       75%         4
 Orb of Destruction       Conj           26%        9d9       21%         7
 Alistair's Intoxication  Alch           0%         N/A       96%         5
 Borgnjor's Vile Clutch   Necr/Erth      0%         N/A       96%         5
 Yara's Violent Unravell  Hex/Alch       0%         3d3       96%         5
 Dispersal                Tloc           0%         N/A       100%        6
 Eringya's Noxious Bog    Alch           0%         4d6       100%        6
 Gell's Gavotte           Tloc           0%         2d(11-16) 100%        6
 Permafrost Eruption      Ice/Erth       0%         2x4d1     100%        6
 Sculpt Simulacrum        Ice/Alch       0%         N/A       100%        6
 Enfeeble                 Hex            0%         N/A       100%        7
 Rimeblight               Ice/Necr       0%         2d3       (prima100%   7
 Borgnjor's Revivificati  Necr           0%         N/A       100%        8
 Ignition                 Fire           0%         3d3       100%        8
 Cigotuvi's Dreadful Rot  Necr/Alch/Air  Unusable   N/A       N/A         2

Dungeon Overview and Level Annotations

Branches:
Dungeon (15/15)            Temple (1/1) D:7            Lair (5/5) D:10
 Shoals (0/4) Lair:3       Spider (0/4) Lair:3        Slime (0/5) Lair:5
    Orc (2/2) D:12            Elf (3/3) Orc:2        Vaults (0/5) D:13
 Depths (0/4) D:15         Bailey (visited)         Gauntlet (visited)

Altars:
Ashenzari
Cheibriados
Dithmenos
Elyvilon
Fedhas
Gozag
Hepliaklqana
Kikubaaqudgha
Makhleb
Nemelex Xobeh
Okawaru
Qazlal
Ru
Sif Muna
Trog
Uskayaw
Vehumet
Wu Jian
Xom
Yredelemnul
Zin
The Shining One
Beogh
Jiyva

Shops:
D:9 **   D:11 [   Orc:2 ?(*(   Elf:1 :

Annotations:
D:13 exclusion: downstairs
Lair:3 exclusion: 2 downstairs
Lair:5 1 runed translucent door
Elf:3 Roxanne, Zenata


Innate Abilities, Weirdness & Mutations

You are immune to sickness and miasma.
Your stone body is resilient. (AC +12)
You are immune to poison.
Your large and strong wings let you fly.
You resist negative energy. (rN+)
You are resistant to electric shocks. (rElec)
You are resistant to unholy torment.
You are immune to petrification.


Message History

* * * LOW HITPOINT WARNING * * *
A deep elf sorcerer comes into view. It is wielding a +0 dagger.
The deep elf high priest mumbles some strange prayers to its god.
The deep elf high priest begins emitting a brilliant aura!
The deep elf sorcerer is empowered by the deep elf high priest's aura! x2
The deep elf death mage is empowered by the deep elf high priest's aura!
The deep elf zephyrmancer is empowered by the deep elf high priest's aura!
The +4 vampiric short sword misses you.
The deep elf high priest utters a dark prayer and points at you.
You are unaffected.
The deep elf demonologist casts a spell.
As you read the scroll of teleportation, it crumbles to dust.
You feel strangely unstable.
The +4 vampiric short sword completely misses you.
The +4 vampiric short sword hits you but does no damage.
The deep elf death mage beckons forth restless souls!
A water elemental comes into view.
You block the +4 vampiric short sword's attack.
Okay, then.
Unknown command.
Casting: Flame Wave (dangerous; 6% risk of failure)
Confirm with . or Enter, or press ? or * to list all spells.
You erupt in a blast of force!
The mystic blast hits the +4 vampiric short sword.
The +4 vampiric short sword is lightly damaged.
The +4 vampiric short sword is knocked back by the mystic blast.
The +4 vampiric short sword collides with the deep elf zephyrmancer.
The +4 vampiric short sword is moderately damaged.
The deep elf high priest invokes the aid of its god against you.
Something smites you!
* * * LOW HITPOINT WARNING * * *
The deep elf sorcerer mumbles some strange words.
The deep elf sorcerer seems to speed up.
The deep elf demonologist is empowered by the deep elf high priest's aura!
The +4 vampiric short sword hits you but does no damage.
The deep elf sorcerer casts a spell.
The deep elf sorcerer seems to speed up.
The deep elf high priest mumbles some strange prayers to its god against you.
Something smites you!
You die...

*****,*####................##...#
*****,****###.#####.......###.#.#
*,,,,,,,,#**##* ##.....## #.#.#
,,,,,,,,,..##* ##<..## #.#.#
,,,,,,,,,....#* ##+#* #...#
,,,,,,,,,.....#* *,**** ###.#
,,,,,***,.E...3#* *,**,** #.#
,,,,,,***.....3e## **,*,,,** *,*
,,,⌠,,+,*#...e.(@# **,,,,,,,***,,
,,,,,,*,,##..e..e#**,,,,,,,,^,,,,
*******,,,#.......*****,,,,,*****
,,,,,**,,,#...*.e.#* *,,,,**
,,**+***,,#.e...e..****,*,**
,**,,,,**,#..e.....#*,,****
**,,,,,,*,#.⌠...*..#**,*
**,,,,,,+,#........#**,*
,+,,,,,,***,,,*,,,,,,,,*


You could see a deep elf blademaster, a deep elf death mage (empowered), 2 deep
elf sorcerers, a sun demon (summoned), a deep elf demonologist (empowered), 2
deep elf high priests, a water elemental, a deep elf zephyrmancer (empowered), a
neqoxec (summoned), 2 lost souls and a +4 vampiric short sword.

Vanquished Creatures
  A lich (Abyss:1)
  A tentacled starspawn (Abyss:1)
  Louise (Elf:3)
  3 deep elf elementalists (Elf:3)
  A stone giant (D:15)
  A juggernaut skeleton (Abyss:1)
  A minotaur (Gauntlet)
  The ghost of Agan the Black Belt, a journeyman MeSh (Lair:4)
  A deep elf annihilator (Elf:1)
  A deep elf demonologist (Elf:1)
  A dire elephant (Lair:5)
  Azrael (D:14)
  2 deep elf high priests
  9 hydras
  Erolcha (Orc:1)
  4 vault guards (D:13)
  The ghost of Gryn the Skirmisher, a journeyman DsBr of Qazlal (Lair:1)
  3 ogre magi
  3 centaur warriors
  3 catoblepae
  24 dancing weapons
  4 boulder beetles
  4 tengu warriors
  19 two-headed ogres
  10 death yaks
  15 deep elf knights
  Nergalle (Lair:2)
  A pharaoh ant (Lair:2)
  A wretched star (Abyss:1)
  4 deep elf archers
  A deep troll (Orc:2)
  An arcanist (Gauntlet)
  2 glowing orange brains
  2 thermic dynamos (Elf:1)
  Pikel (D:5)
  An obsidian bat (Orc:2)
  An oklob plant (Lair:2)
  6 orc knights
  19 deep elf zephyrmancers
  A lindwurm (Lair:5)
  18 deep elf pyromancers
  An orc sorcerer (D:15)
  7 cyclopes
  24 ugly things
  4 manticores
  A kobold blastminer (Orc:2)
  2 large abominations (Abyss:1)
  6 elephants
  3 black mambas
  An ice statue (Lair:4)
  The ghost of MojitoSuave the Trooper, a novice DsGl of Uskayaw (D:6)
  Joseph (D:10)
  A torpor snail (Lair:2)
  7 komodo dragons
  15 cane toads
  A rime drake (Lair:1)
  3 unseen horrors
  A yaktaur (D:13)
  2 tengu conjurers
  A freezing wraith (D:14)
  2 efreet
  12 trolls
  A polar bear (Lair:4)
  A merfolk (D:12)
  A snapping turtle (Lair:3)
  15 blink frogs
  2 dream sheep (Lair:5)
  2 tarantellas (Lair:3)
  2 shadows
  4 wraiths
  3 air elementals
  7 slime creatures
  2 vampires
  53 yaks
  Sigmund (D:3)
  2 wyverns
  2 water elementals
  6 basilisks
  5 fire elementals
  5 starcursed masses (Abyss:1)
  Grum (Lair:1)
  2 wargs
  A redback (Lair:3)
  6 vampire mosquitoes (D:13)
  2 chaos spawn (Abyss:1)
  Menkaure (D:4)
  3 acid dragons
  16 water moccasins
  Duvessa (D:7)
  5 hell hounds
  A sky beast (D:7)
  22 orc warriors
  4 black bears
  2 ice beasts
  4 laughing skulls
  14 ogres
  4 wolves (Lair:1)
  3 boggarts (D:15)
  2 centaurs
  3 lemures (D:5)
  2 phantoms
  15 bullfrogs
  A small abomination (Abyss:1)
  2 earth elementals (Elf:1)
  6 kobold brigands
  2 scorpions
  7 wights
  8 killer bees (D:9)
  6 electric eels
  5 howler monkeys
  3 bombardier beetles
  A crimson imp (Abyss:1)
  A centaur zombie (D:9)
  2 quasits (Abyss:1)
  8 orc priests
  Crazy Yiuf (D:7)
  A hound (D:5)
  3 jellies
  2 gnoll boudas
  4 iguanas
  A sleepcap (D:7)
  Terence (D:3)
  Natasha (thrice) (D:4)
  14 orc wizards
  A howler monkey zombie (D:9)
  Robin (D:2)
  16 gnolls
  9 adders
  3 shadow imps
  2 white imps
  2 dart slugs
  66 orcs
  4 bats
  6 endoplasms
  2 giant cockroaches (D:4)
  15 goblins
  3 hobgoblins
  5 jackals
  23 kobolds
  2 quokkas
  3 ball pythons
  2 frilled lizards
  2 rats
  A spectral kobold (D:11)
750 creatures vanquished.

Vanquished Creatures (collateral kills)
  2 two-headed ogres (Orc:2)
  4 dancing weapons (Elf:2)
  2 deep elf zephyrmancers (Elf:2)
  2 kobold blastminers (Orc:1)
  A troll (Orc:2)
  A yak (D:8)
  7 ogres (Orc:2)
  Dowan (D:7)
  2 killer bees (D:9)
  An orc priest (Orc:1)
  An orc wizard (Orc:2)
  An orc (Orc:1)
  A hobgoblin (D:2)
26 creatures vanquished.

Vanquished Creatures (others)
  A two-headed ogre (Orc:2)
  A deep troll (Orc:2)
  A troll (Orc:2)
  A water elemental (Elf:1)
  2 ogres (Orc:2)
  2 iguanas (D:6)
  An orc wizard (D:6)
  A gnoll (D:6)
  A shadow imp (D:6)
  2 orcs (D:6)
  A starspawn tentacle (Abyss:1)
14 creatures vanquished.

Grand Total: 790 creatures vanquished

Notes
Turn   | Place    | Note
-------+----------+-------------------------------------------
     0 | D:1      | MrSquiggles the Gargoyle Fighter began the quest for the
                  | Orb.
     0 | D:1      | Reached XP level 1. HP: 14/14 MP: 1/1
   156 | D:1      | Reached XP level 2. HP: 19/19 MP: 2/2
   287 | D:1      | Reached skill level 2 in Long Blades
   313 | D:1      | You fall into a shaft and drop 1 floor!
   450 | D:2      | Noticed Robin
   459 | D:2      | Killed Robin
   460 | D:2      | Reached XP level 3. HP: 17/23 MP: 1/3
   472 | D:2      | Reached skill level 3 in Long Blades
   889 | D:2      | Reached XP level 4. HP: 28/28 MP: 4/4
   890 | D:2      | Found the +2 ratskin cloak {*Rats rPois rN+ Str-1 Int-1
                  | Dex+1}
  1001 | D:2      | Identified the +11 flail of the Doomed Warrior {chaos,
                  | rElec rC+ Dex+3}
  1345 | D:3      | Noticed Terence
  1349 | D:3      | Killed Terence
  1423 | D:3      | Reached skill level 1 in Dodging
  1423 | D:3      | Reached XP level 5. HP: 28/32 MP: 5/5
  1572 | D:3      | Noticed Sigmund
  1577 | D:3      | Killed Sigmund
  1578 | D:3      | Reached skill level 5 in Armour
  1578 | D:3      | Reached XP level 6. HP: 31/37 MP: 4/6
  1951 | D:4      | Reached XP level 7. HP: 41/41 MP: 7/7
  1983 | D:4      | Noticed Menkaure
  1991 | D:4      | Killed Menkaure
  2045 | D:4      | Found a broken altar of Ashenzari.
  2247 | D:4      | Noticed Natasha
  2254 | D:4      | Killed Natasha
  2363 | D:4      | Noticed Natasha
  2370 | D:4      | Killed Natasha
  2387 | D:4      | Noticed Natasha
  2397 | D:4      | Killed Natasha
  2512 | D:5      | Entered Level 5 of the Dungeon
  2568 | D:5      | Noticed Pikel
  2585 | D:5      | Killed Pikel
  2586 | D:5      | Reached skill level 5 in Dodging
  2586 | D:5      | Reached XP level 8. HP: 44/46 MP: 6/8
  2811 | D:5      | Reached XP level 9. HP: 43/51 MP: 7/9
  3297 | D:6      | Found a runed translucent door.
  3374 | D:6      | Noticed MojitoSuave's ghost (novice DsGl)
  3515 | D:6      | Found a hide-covered altar of Uskayaw.
  3604 | D:6      | Found a radiant altar of Vehumet.
  3889 | D:6      | Killed MojitoSuave's ghost
  3890 | D:6      | Reached skill level 10 in Armour
  4069 | D:7      | Found a runed translucent door.
  4070 | D:7      | Noticed Crazy Yiuf
  4219 | D:7      | Noticed Duvessa
  4219 | D:7      | Noticed Dowan
  4223 | D:7      | Killed Duvessa
  4226 | D:7      | Killed Dowan
  4266 | D:7      | Reached XP level 10. HP: 56/56 MP: 10/10
  4311 | D:7      | Found a shimmering blue altar of Sif Muna.
  4316 | D:7      | Found an iron altar of Okawaru.
  4565 | D:7      | Found a transporter.
  4593 | D:7      | Found a staircase to the Ecumenical Temple.
  4651 | D:7      | Found a transporter.
  4934 | D:7      | Killed Crazy Yiuf
  5040 | Temple   | Entered the Ecumenical Temple
  5056 | Temple   | Became a worshipper of the Shining One
  5213 | D:8      | Reached skill level 4 in Long Blades
  5270 | D:8      | Found an opulent altar of Gozag.
  5397 | D:8      | Found a shadowy altar of Dithmenos.
  5419 | D:8      | Reached skill level 1 in Evocations
  5433 | D:8      | Noticed a two-headed ogre
  5451 | D:8      | Found a blossoming altar of Fedhas.
  5610 | D:8      | Reached skill level 5 in Long Blades
  5615 | D:8      | Killed a two-headed ogre
  5774 | D:8      | Reached skill level 6 in Long Blades
  6154 | D:9      | Found Qomaef's General Store.
  6157 | D:9      | Bought 3 scrolls of identify for 90 gold pieces
  6499 | D:9      | Found a flagged portal.
  6573 | D:9      | Reached skill level 7 in Long Blades
  6611 | Bailey   | Entered a bailey
  6647 | Bailey   | Reached * piety under the Shining One
  6828 | Bailey   | Found a burning altar of Makhleb.
  6836 | Bailey   | Identified the +1 mace of the Desert {heavy, ^Contam rN+
                  | Str+5 Dex+3}
  6933 | D:9      | Reached XP level 11. HP: 57/60 MP: 9/11
  7060 | D:9      | Reached skill level 8 in Long Blades
  7136 | D:9      | Noticed a deep elf pyromancer
  7588 | D:9      | Reached skill level 9 in Long Blades
  7799 | D:9      | Identified the +2 cloak of Sin {Int+3 Dex+4}
  7944 | D:9      | Found Omumelar's Demolitions Depot.
  7966 | D:9      | Bought a lightning rod (4/4) for 640 gold pieces
  8040 | D:10     | Entered Level 10 of the Dungeon
  8040 | D:10     | Noticed Joseph
  8051 | D:10     | Noticed a two-headed ogre
  8051 | D:10     | Noticed a two-headed ogre
  8068 | D:10     | Killed Joseph
  8070 | D:10     | Killed a two-headed ogre
  8071 | D:10     | Reached skill level 10 in Long Blades
  8078 | D:10     | Killed a two-headed ogre
  8159 | D:9      | Killed a deep elf pyromancer
  8186 | D:10     | Noticed a two-headed ogre
  8186 | D:10     | Reached ** piety under the Shining One
  8211 | D:10     | Reached skill level 11 in Long Blades
  8218 | D:10     | Killed a two-headed ogre
  8219 | D:10     | Reached skill level 1 in Invocations
  8256 | D:10     | Found a staircase to the Lair.
  8399 | D:10     | Reached XP level 12. HP: 64/64 MP: 13/13
  8635 | D:10     | Noticed a two-headed ogre
  8643 | D:10     | Killed a two-headed ogre
  8644 | D:10     | Reached skill level 12 in Long Blades
  9016 | D:10     | Identified a scroll of acquirement
  9101 | D:7      | Acquired a +4 triple sword of protection
  9343 | Lair:1   | Entered Level 1 of the Lair of Beasts
  9347 | Lair:1   | Noticed a catoblepas
  9355 | Lair:1   | Killed a catoblepas
  9422 | Lair:1   | Reached skill level 13 in Long Blades
  9735 | Lair:1   | Noticed Grum
  9748 | Lair:1   | Found a runed translucent gate.
  9748 | Lair:1   | Found a runed translucent gate.
  9753 | Lair:1   | Killed Grum
  9754 | Lair:1   | Found a runed translucent gate.
  9761 | Lair:1   | Noticed Gryn's ghost (journeyman DsBr)
 10285 | Lair:1   | Found a viscous altar of Jiyva.
 10366 | Lair:1   | Killed Gryn's ghost
 10371 | Lair:1   | Reached skill level 14 in Long Blades
 10463 | Lair:2   | Noticed a death yak
 10463 | Lair:2   | Noticed a death yak
 10489 | Lair:2   | Killed a death yak
 10497 | Lair:2   | Killed a death yak
 10764 | Lair:2   | Noticed a death yak
 10773 | Lair:2   | Killed a death yak
 10774 | Lair:2   | Reached XP level 13. HP: 60/69 MP: 12/14
 10813 | Lair:2   | Reached skill level 15 in Long Blades
 10821 | Lair:2   | Noticed Nergalle
 10831 | Lair:2   | Killed Nergalle
 11820 | Lair:3   | Reached skill level 16 in Long Blades
 11970 | Lair:3   | Found a hole to the Spider Nest.
 12332 | Lair:3   | Found a staircase to the Shoals.
 13155 | Lair:4   | Noticed Agan's ghost (journeyman MeSh)
 13168 | Lair:4   | Found a transporter.
 13184 | Lair:4   | Reached *** piety under the Shining One
 13196 | Lair:4   | Reached skill level 17 in Long Blades
 13304 | Lair:4   | Found a transporter.
 13561 | Lair:5   | Entered Level 5 of the Lair of Beasts
 13735 | Lair:5   | Gained mutation: Your large and strong wings let you fly.
                  | [Gargoyle growth]
 13735 | Lair:5   | Reached XP level 14. HP: 53/74 MP: 12/15
 14336 | Lair:5   | Reached skill level 18 in Long Blades
 14401 | Lair:5   | Found a runed translucent door.
 14401 | Lair:5   | Found a viscous altar of Jiyva.
 14402 | Lair:5   | Found a staircase to the Slime Pits.
 14402 | Lair:5   | Noticed an acid blob
 14402 | Lair:5   | Noticed an acid blob
 14687 | Lair:5   | Noticed a dire elephant
 14705 | Lair:5   | Killed a dire elephant
 15157 | Lair:5   | Identified the +5 short sword of the Several Wonders
                  | {speed, *Rage rElec rPois Str+6}
 15537 | D:11     | Found Erapar's Armour Boutique.
 15540 | D:11     | Bought a +0 pair of gloves of hurling for 161 gold pieces
 15540 | D:11     | Bought a +2 hat of willpower for 294 gold pieces
 15661 | D:11     | Reached skill level 19 in Long Blades
 16028 | D:11     | Found a hazy altar of Hepliaklqana.
 16165 | D:12     | Reached **** piety under the Shining One
 16189 | D:12     | Found a staircase to the Orcish Mines.
 16393 | D:12     | Found a gate leading to a gauntlet.
 16411 | Gauntlet | Entered a Gauntlet
 16411 | Gauntlet | Found a large runed translucent door.
 16411 | Gauntlet | Found a large runed translucent door.
 16411 | Gauntlet | Found a large runed translucent door.
 16411 | Gauntlet | Found a large runed translucent door.
 16411 | Gauntlet | Found a runed translucent door.
 16411 | Gauntlet | Found a large runed translucent door.
 16411 | Gauntlet | Found a large runed translucent door.
 16411 | Gauntlet | Found a transporter.
 16411 | Gauntlet | Found a large runed translucent door.
 16411 | Gauntlet | Found a large runed translucent door.
 16411 | Gauntlet | Found a runed translucent door.
 16411 | Gauntlet | Found a runed translucent gate.
 16411 | Gauntlet | Found a runed translucent door.
 16411 | Gauntlet | Found a runed translucent gate.
 16411 | Gauntlet | Found a transporter.
 16411 | Gauntlet | Found a transporter.
 16423 | Gauntlet | Found a transporter.
 16426 | Gauntlet | Found a transporter.
 16434 | Gauntlet | Found a transporter.
 16437 | Gauntlet | Found a transporter.
 16441 | Gauntlet | Found a runed translucent door.
 16445 | Gauntlet | Found a transporter.
 16455 | Gauntlet | Found a runed translucent door.
 16465 | Gauntlet | Found a transporter.
 16470 | Gauntlet | Noticed a reaper
 16483 | Gauntlet | Found a transporter.
 16487 | Gauntlet | Found a transporter.
 16497 | Gauntlet | Found a transporter.
 16501 | Gauntlet | Found a runed translucent gate.
 16502 | Gauntlet | Found a large runed translucent door.
 16502 | Gauntlet | Found a large runed translucent door.
 16503 | Gauntlet | Found a large runed translucent door.
 16504 | Gauntlet | Found a large runed translucent door.
 16505 | Gauntlet | Found a large runed translucent door.
 16505 | Gauntlet | Found a large runed translucent door.
 16505 | Gauntlet | Found a runed translucent door.
 16506 | Gauntlet | Found a large runed translucent door.
 16507 | Gauntlet | Found a large runed translucent door.
 16651 | Gauntlet | Identified the ring of Ekoocin {Wiz rF++}
 16717 | Gauntlet | Identified the ring of Teuneffyilu {rElec EV+5}
 16718 | Gauntlet | Got the Guide on Meteoric Malevolent Deeds
 16718 | Gauntlet | Got the Essays on the Arsonist and the Salvo
 17052 | Orc:1    | Entered Level 1 of the Orcish Mines
 17196 | Orc:1    | Noticed Erolcha
 17199 | Abyss:1  | Cast into level 1 of the Abyss (Erolcha)
 17330 | Abyss:1  | Reached ***** piety under the Shining One
 17369 | Abyss:1  | Noticed a tentacled starspawn
 17384 | Abyss:1  | Killed a tentacled starspawn
 17387 | Abyss:1  | Noticed a starcursed mass
 17549 | Abyss:1  | Reached XP level 15. HP: 78/78 MP: 16/16
 17565 | Abyss:1  | Found a corrupted altar of Lugonu.
 17648 | Abyss:1  | Noticed a lich
 17658 | Abyss:1  | Killed a lich
 17659 | Abyss:1  | Reached skill level 20 in Long Blades
 17668 | Orc:1    | Escaped the Abyss
 17678 | Orc:1    | Killed Erolcha
 18137 | Orc:1    | Found a roughly hewn altar of Beogh.
 18356 | Orc:2    | Entered Level 2 of the Orcish Mines
 18559 | Orc:2    | Reached skill level 21 in Long Blades
 18763 | Orc:2    | Found Zofavah's Magic Scroll Shop.
 18767 | Orc:2    | Found Ceon's Weapon Boutique.
 18768 | Orc:2    | Found Tezuf's Assorted Antiques.
 18769 | Orc:2    | Found Odeni's Antique Weapon Emporium.
 18873 | Orc:2    | Found a staircase to the Elven Halls.
 19248 | D:13     | Found a gate to the Vaults.
 20413 | D:14     | Reached XP level 16. HP: 61/83 MP: 12/17
 20486 | D:14     | Noticed Azrael
 20501 | D:14     | Killed Azrael
 20509 | D:14     | Reached skill level 22 in Long Blades
 20583 | D:14     | Reached skill level 1 in Conjurations
 20750 | D:9      | Bought a manual of Conjurations for 1280 gold pieces
 21152 | D:14     | Reached skill level 5 in Conjurations
 21795 | D:15     | Entered Level 15 of the Dungeon
 21935 | D:15     | Reached ****** piety under the Shining One
 22143 | D:15     | Reached skill level 10 in Conjurations
 22760 | D:15     | Found a staircase to the Depths.
 23285 | Lair:4   | Killed Agan's ghost
 23520 | D:10     | Learned a level 1 spell: Sting
 23524 | D:10     | Learned a level 3 spell: Mephitic Cloud
 23529 | D:10     | Learned a level 4 spell: Flame Wave
 23534 | D:10     | Learned a level 4 spell: Iskenderun's Mystic Blast
 23546 | D:10     | Acquired the amulet "Yrchexez" {Fly rF- rN+++ RegenMP+
                  | Slay+2}
 23649 | Elf:1    | Entered Level 1 of the Elven Halls
 23750 | Elf:1    | Found Erusuasch's Book Emporium.
 24463 | Elf:1    | Noticed an Executioner
 24809 | Elf:1    | Reached skill level 15 in Conjurations
 25082 | Elf:2    | Reached XP level 17. HP: 61/88 MP: 18/18
 25233 | Elf:2    | Reached skill level 5 in Fighting
 25805 | Elf:2    | Paralysed by an air elemental for 1 turns
 25808 | Elf:2    | Paralysed by an air elemental for 1 turns
 26318 | Elf:2    | Reached skill level 5 in Invocations
 26460 | Elf:2    | Found a runed translucent gate.
 26461 | Elf:2    | Found a runed translucent gate.
 26461 | Elf:2    | Found a runed translucent gate.
 27616 | Elf:3    | Entered Level 3 of the Elven Halls
 27637 | Elf:3    | Noticed Louise
 27653 | Elf:3    | Killed Louise
 27664 | Elf:3    | Noticed Zenata
 28184 | Elf:3    | Noticed Roxanne
 28326 | Elf:3    | Reached skill level 10 in Fighting
 28350 | Elf:3    | Noticed a deep elf master archer
 28360 | Elf:3    | Noticed a Tzitzimitl
 28365 | Elf:3    | Noticed a deep elf blademaster
 28367 | Elf:3    | Killed from afar by a deep elf high priest

Illustrated notes

Levels and vault maps discovered:
D:1:      dpeg_arrival_central, layout_basic, minivault_11,
          corexii_hall_statues_i, nicolae_nh_oracle_at_delphi
D:2:      layout_loops_cross, minmay_pentomino_v2, uniq_robin
D:3:      layout_basic, kennysheep_generic_room_9, uniq_terence, uniq_sigmund
D:4:      layout_basic, cheibrodos_ashenzari_chains, uniq_menkaure, uniq_natasha
D:5:      layout_cave_pools, uniq_pikel
D:6:      layout_basic, mainiacjoe_overflow_catch_the_wave,
          hellmonk_ghost_happy_afterlife
D:7:      gammafunk_steamed_eel, layout_basic, mainiacjoe_overflow_big_doors,
          temple_green, serial_rivers, chequers_serial_rivers_room_a,
          chequers_serial_rivers_large_a, chequers_serial_rivers_small_a,
          chequers_serial_rivers_micro_d, chequers_serial_rivers_micro_c,
          amcnicky_mini_pool_small, uniq_duvessa, uniq_crazy_yiuf_cottage
D:8:      layout_loops_ring, nicolae_gozag_seed_capital, kennysheep_mini,
          overflow_temple_1_default, grunt_ministairs_8, serial_bayou_crossing
D:9:      wad_river_or_something, layout_irregular_city, serial_undead,
          serial_undead_e, serial_undead_d, serial_undead_c, serial_undead_c,
          enter_bailey_5, kennysheep_another_room, st_stairs_1,
          nicolae_blasting_shop, nicolae_stop_n_shop_2, billiards_dpeg
D:10:     layout_rooms, dpeg_lair_monsters, serial_co_window_serial,
          co_window_corner_a, co_window_of_opportunity_a, co_window_paths_a,
          co_window_of_opportunity_a, co_window_of_opportunity_a,
          co_window_broadway_c, co_window_of_opportunity_b, co_window_2corner,
          co_window_unsneaky_path_a, glass_columns_a, glass_columns_a,
          glass_columns_a, uniq_joseph
D:11:     layout_irregular_city, serial_shops, nicolae_shop_real_fake_doors,
          fountainhead, nicolae_hepliaklqana_monster_ancestors
D:12:     layout_cave_pools, david_orc_2, gauntlet_entry_generic,
          hangedman_fish_farm
D:13:     layout_small_grid, lightli_vaults_fourway_checkpoint
D:14:     layout_basic, minivault_26, uniq_azrael
D:15:     grunt_enter_depths_snipers, layout_basic, grunt_decor_one_mirror,
          kennysheep_two_boxes
Temple:   nicolae_temple_bog_church
Lair:1:   layout_cave_pods, gammafunk_ghost_ooze, uniq_grum
Lair:2:   layout_roguey, grunt_megastairs_5, uniq_nergalle
Lair:3:   layout_gridlike, minmay_shoals_entry_hut,
          nicolae_spider_entry_lesser_pyramids, serial_bayou_shore_a,
          serial_bayou_shore_b, infiniplex_staircase_pool_2
Lair:4:   layout_roguey, nzn_ghost_randoct
Lair:5:   hangedman_lair_in_review, layout_loops_ring, slime_entry_2
Orc:1:    layout_caves, special_room [special_room_orc], uniq_erolcha
Orc:2:    st_orc_open, layout_caves
Elf:1:    layout_geoelf_diagonals, serial_shops, shop,
          kennysheep_underground_church, minmay_librarian
Elf:2:    nicolae_elf_blades_crystal_corner, layout_loops_corners
Elf:3:    grunt_elf_hall_spiral, layout_loops_corners, serial_shops, shop,
          nicolae_zig_zag_zippers, uniq_roxanne, uniq_nikola, uniq_zenata,
          uniq_louise

Skill      XL: |  1  2  3  4  5  6  7  8  9 10 11 12 13 14 15 16 17 |
---------------+----------------------------------------------------+-----
Long Blades    | 2 3 7 11 14 17 19 21 22 | 22.0
Armour         | 4 5 7 8 10 11 | 11.1
Dodging        | 1 2 3 5 6 7 8 |  8.0
Evocations     | 3 |  3.0
Invocations    | 2 7 |  7.2
Conjurations   | 15 | 15.3
Fighting       | 10 | 10.4
Shields        | |  3.4

Action                     |  1- 3 |  4- 6 |  7- 9 | 10-12 | 13-15 | 16-18 || total
---------------------------+-------+-------+-------+-------+-------+-------++-------
  Melee: Long sword        |   103 |     6 |       |       |       |       ||   109
         Flail             |       |    57 |   176 |    18 |       |       ||   251
         Falchion          |       |       |       |   782 |       |       ||   782
         Triple sword      |       |       |       |   133 |  1051 |   665 ||  1849
         War axe           |       |       |       |       |    46 |       ||    46
         Scimitar          |       |       |       |       |       |    16 ||    16
  Throw: Javelin           |       |       |       |    22 |     2 |       ||    24
         Dart              |       |       |       |     5 |    47 |    14 ||    66
         Boomerang         |       |       |       |       |     2 |    20 ||    22
   Cast: Mephitic Cloud    |       |       |       |       |       |    22 ||    22
         Flame Wave        |       |       |       |       |       |     3 ||     3
         Iskenderun's Myst |       |       |       |       |       |     1 ||     1
 Invoke: Divine Shield     |       |       |       |     5 |     6 |    12 ||    23
  Evoke: Lightning rod     |       |       |       |     8 |     7 |     6 ||    21
         Wand              |       |       |       |     1 |    19 |     7 ||    27
         Box of beasts     |       |       |       |       |     2 |     3 ||     5
         Phantom mirror    |       |       |       |       |     1 |     1 ||     2
         Condenser vane    |       |       |       |       |     1 |     1 ||     2
    Use: Potion            |     1 |       |       |     9 |     4 |     4 ||    18
         Scroll            |       |     8 |       |    13 |     9 |    16 ||    46
 Armour: Scale mail        |    96 |     3 |       |       |       |       ||    99
         Chain mail        |       |    45 |   161 |   642 |   889 |   223 ||  1960
         Quicksilver drago |       |       |       |       |       |   314 ||   314
  Dodge: Dodged            |    39 |    17 |   179 |   762 |   887 |   423 ||  2307
  Block: Buckler           |    31 |    13 |    61 |   210 |       |       ||   315
         Other             |       |       |       |    25 |    31 |    42 ||    98

Table legend: (Time is in decaauts)
 A = Elapsed time spent in this place.
 B = Non-inter-level travel time spent in this place.
 C = Inter-level travel time spent in this place.
 D = Time resting spent in this place.
 E = Time spent auto-exploring this place.
 F = Levels seen in this place.
 G = Mean time per level.
                   A        B        C        D        E       F      G
               +--------+--------+--------+--------+--------+-----+--------+
         Total |  29702 |  26990 |   2712 |   2060 |  17830 |  29 | 1024.2 |
       Dungeon |  15492 |  13578 |   1914 |    419 |   9366 |  15 | 1032.8 |
        Temple |     38 |     13 |     25 |      0 |      0 |   1 |   38.0 |
          Lair |   6715 |   6361 |    354 |    536 |   4388 |   5 | 1343.0 |
  Orcish Mines |   1739 |   1565 |    174 |     25 |   1104 |   2 |  869.5 |
   Elven Halls |   4619 |   4376 |    243 |    927 |   2568 |   3 | 1539.7 |
         Abyss |    466 |    466 |      0 |    138 |    162 |   1 |  466.0 |
        Bailey |    285 |    285 |      0 |      5 |    105 |   1 |  285.0 |
      Gauntlet |    344 |    344 |      0 |      9 |    135 |   1 |  344.0 |
               +--------+--------+--------+--------+--------+-----+--------+

Top non-repeatable levels by time:
   Elf:2: 2734 daAuts
     D:9: 1906 daAuts
  Lair:5: 1730 daAuts
   Elf:1: 1622 daAuts
     D:7: 1534 daAuts
  Lair:2: 1363 daAuts
  Lair:3: 1337 daAuts
    D:13: 1311 daAuts
     D:8: 1282 daAuts
  Lair:1: 1251 daAuts
    D:14: 1238 daAuts
    D:10: 1092 daAuts
    D:15: 1081 daAuts
     D:2: 1052 daAuts
  Lair:4: 1032 daAuts
